 Dungeon Crawl Stone Soup version 0.17-a0-1987-gaf5a542 (webtiles) character file.

81 Shim the Grasshopper (level 4, -6/29 HPs)
             Began as a High Elf Warper on Oct 6, 2015.
             Killed by divine providence
             ... invoked by an orc priest
              (14 damage)
             ... in the Ecumenical Temple.
             The game lasted 00:22:04 (4392 turns).

Shim the Grasshopper (High Elf Warper)              Turns: 4392, Time: 00:22:04

Health: -6/29      AC:  4    Str: 12    XL:     4   Next: 19%
Magic:  1/8        EV: 12    Int: 16    God:
Gold:   133        SH:  0    Dex: 16    Spells: 4 memorised, 0 levels left

rFire  . . .     SeeInvis .     a - +0 short sword
rCold  . . .     Clarity  .     b - +0 leather armour
rNeg   . . .     SustAt   .     (no shield)
rPois  .         Gourm    .     r - +0 helmet
rElec  .         Spirit   .     (no cloak)
rCorr  .         Warding  .     (no gloves)
rMut   .         Stasis   .     (no boots)
MR     +....                    (no amulet)
Stlth  ++........               (no ring)
                                D - ring of protection from magic

@: very slightly contaminated, somewhat resistant to hostile enchantments,
unstealthy
A: strong 1
a: no special abilities


You were in the Ecumenical Temple.
You were not hungry.

You visited 2 branches of the dungeon, and saw 5 of its levels.

You collected 133 gold pieces.

Inventory:

Hand Weapons
 a - a +0 short sword (weapon)
 i - a +3 whip
Missiles
 e - 5 tomahawks of dispersal
 g - 104 stones
 k - 6 javelins of returning (quivered)
 o - 62 arrows
 y - 6 needles of sleeping
 A - 11 poisoned arrows
Armour
 b - a +0 leather armour (worn)
 r - a +0 helmet (worn)
 x - a +0 shield
Jewellery
 p - an uncursed amulet of inaccuracy
 D - a ring of protection from magic (left hand)
Wands
 F - a wand of confusion (9)
Scrolls
 h - 4 scrolls of magic mapping
 m - a scroll of identify
 q - a scroll of remove curse
 v - a scroll of enchant armour {unknown}
 w - 2 scrolls of teleportation
 B - a scroll of fear {unknown}
 E - a scroll of fog {unknown}
Potions
 s - a potion of cancellation
 t - a potion of degeneration {unknown}
 u - a potion of might {unknown}
 z - a potion of agility {unknown}
Books
 c - a book of Spatial Translocations

   Spells                             Type                      Level
   a - Apportation                    Translocation                1
   b - Blink                          Translocation                2
   c - Shroud of Golubria             Charms/Translocation         2
   d - Portal Projectile              Translocation                3
   e - Teleport Other                 Translocation                3
   f - Passage of Golubria            Translocation                4
Miscellaneous
 j - a plain deck of defence {the Banshee, drawn: 1}
Comestibles
 f - 3 bread rations
 l - 5 meat rations
 n - a slice of pizza
 G - 3 chunks of flesh


   Skills:
 + Level 2.2 Fighting
 * Level 3.4 Short Blades
 * Level 1.9 Throwing
 + Level 1.3 Armour
 + Level 2.5 Dodging
 * Level 1.0 Stealth
 + Level 2.6 Spellcasting
 + Level 0.2 Charms
 + Level 3.6 Translocations


You couldn't memorise any spells.
You knew the following spells:

 Your Spells              Type           Power        Failure   Level  Hunger
a - Apportation           Tloc           ##........   8%          1    #......
b - Blink                 Tloc           N/A          12%         2    ##.....
c - Shroud of Golubria    Chrm/Tloc      #.........   17%         2    ##.....
d - Teleport Other        Tloc           ##......     21%         3    ###....


Dungeon Overview and Level Annotations

Branches:
Dungeon (4/15)             Temple (1/1) D:4

Altars:
Ashenzari
Cheibriados
Elyvilon
Fedhas
Kikubaaqudgha
Nemelex Xobeh
Okawaru
Qazlal
Ru
Sif Muna
Trog
Vehumet
Xom
Yredelemnul
Zin
The Shining One

Annotations:
D:4 Pikel


Innate Abilities, Weirdness & Mutations

Your muscles are strong. (Str +2)


Message History

Okay, then.
Read which item? (? for menu, Esc to quit)
Blink to where?
Press: ? - help, Dir - move target cursor, p - orc priest
As you read the scroll of blinking, it crumbles to dust.
Read which item? (? for menu, Esc to quit)
As you read the scroll labeled MIEMEMPID, it crumbles to dust.
You feel strangely unstable.
It was a scroll of teleportation.
Unknown command.
Throwing (i - inventory. (,) - cycle):
k - 6 javelins of returning (quivered)
Press: ? - help, Shift-Dir - straight line, f - worker ant
Aim: a worker ant You throw a javelin of returning.
The javelin of returning hits the worker ant.
The worker ant is lightly wounded.
The javelin of returning returns to your pack!
Your surroundings suddenly seem different.
The orc priest invokes the aid of Beogh against you.
Something smites you!
You die...

#≈≈......._.......§≈
≈.................≈
##8...............8#
#...................
#§.._......<......_..
##...................
##8...............8#
≈......p..........≈
≈≈.....a.o.@.....§≈
≈≈≈.§_.8...8._..≈≈≈
##§≈§...#...#...§§≈#
##§.≈##≈##≈.≈#### ##§
### #≈## # ##


You could see a slave, a worker ant and an orc priest.

Vanquished Creatures
  2 worms (D:2)
  7 orcs
  8 bats
  8 giant cockroaches
  9 goblins
  5 hobgoblins
  11 kobolds
  2 ball pythons
  A giant gecko (D:1)
  3 giant newts
  A quokka (D:2)
  8 rats
65 creatures vanquished.

Notes
Turn   | Place    | Note
--------------------------------------------------------------
     0 | D:1      | Shim the High Elf Warper began the quest for the Orb.
     0 | D:1      | Reached XP level 1. HP: 14/14 MP: 4/4
   305 | D:1      | Reached XP level 2. HP: 4/19 MP: 6/6
   311 | D:1      | Learned a level 2 spell: Blink
  1030 | D:1      | Reached skill level 1 in Armour
  1406 | D:1      | Gained mutation: Your muscles are strong. (Str +2) [potion of beneficial mutation]
  1454 | D:1      | Found a sparkling altar of Nemelex Xobeh.
  1624 | D:1      | Reached XP level 3. HP: 21/24 MP: 7/7
  1743 | D:2      | Learned a level 2 spell: Shroud of Golubria
  2649 | D:2      | Found a shattered altar of Ashenzari.
  3581 | D:3      | Reached skill level 1 in Stealth
  3635 | D:3      | Found a basalt altar of Yredelemnul.
  3635 | D:3      | Found a blossoming altar of Fedhas.
  3636 | D:3      | Found a deep blue altar of Sif Muna.
  3636 | D:3      | Found a sparkling altar of Nemelex Xobeh.
  3638 | D:3      | Found a shimmering altar of Xom.
  3639 | D:3      | Found a white marble altar of Elyvilon.
  3727 | D:3      | Found a stormy altar of Qazlal.
  3849 | D:3      | Found a sacrificial altar of Ru.
  3979 | D:3      | Reached XP level 4. HP: 29/29 MP: 8/8
  4027 | D:3      | Learned a level 3 spell: Teleport Other
  4356 | D:4      | Found a staircase to the Ecumenical Temple.
  4356 | D:4      | Noticed Pikel
  4356 | D:4      | Noticed a slave
  4356 | D:4      | Noticed a slave
  4356 | D:4      | Noticed a slave
  4356 | D:4      | Noticed an ogre
  4359 | D:4      | Noticed a slave
  4366 | Temple   | Entered the Ecumenical Temple
  4392 | Temple   | Killed from afar by an orc priest

Vault maps used:
D:1:      dpeg_arrival_rooms_b, nemelex_deck
D:2:      nicolae_overflow_crystal_walls
D:3:      grunt_temple_overflow_open, old_standard_altar, first_bread,
          nicolae_qazlal_general_emergency
D:4:      minmay_temple_entry_mist, lightli_ossuary_entry_decrepit_ruins,
          uniq_pikel, uniq_eustachio, uniq_crazy_yiuf_cottage
Temple:   temple_eino_lava_8

Action                   |  1- 3 |  4- 6 || total
-------------------------+-------+-------++-------
Melee: Whip              |   169 |       ||   169
       Short sword       |    33 |    32 ||    65
Throw: Stone             |    64 |       ||    64
       Javelin           |    15 |     9 ||    24
 Cast: Blink             |     5 |     1 ||     6
       Shroud of Golubri |    10 |     3 ||    13
       Teleport Other    |       |     1 ||     1
Evoke: Deck              |     1 |       ||     1
  Use: Scroll            |     5 |     2 ||     7
       Potion            |     4 |     1 ||     5
 Stab: Sleeping          |     2 |       ||     2
  Eat: Chunk             |    11 |     1 ||    12
